 Dungeon Crawl Stone Soup version 0.21.1-1-g345015f (webtiles) character file.

2999 lorenzova the Thaumaturge (level 9, -1/45 HPs)
             Began as a Deep Elf Conjurer on July 21, 2018.
             Was a Follower of Vehumet.
             Slain by a porcupine (7 damage)
             ... on level 8 of the Dungeon.
             The game lasted 00:20:12 (8779 turns).

lorenzova the Thaumaturge (Deep Elf Conjurer)       Turns: 8779, Time: 00:20:13

Health: -1/45      AC:  2    Str:  5    XL:     9   Next: 54%
Magic:  22/41      EV: 13    Int: 24    God:    Vehumet [*.....]
Gold:   484        SH:  0    Dex: 15    Spells: 7/30 levels left

rFire    . . .     SeeInvis .   x - staff of power
rCold    . . .     Gourm    .   (no shield)
rNeg     . . .     Faith    .   a - +0 robe
rPois    +         Spirit   .   (no helmet)
rElec    .         Reflect  .   (no cloak)
rCorr    .         Harm     .   (no gloves)
MR       .....                  (no boots)
Stlth    ++........             (no amulet)
HPRegen  0.15/turn              q - ring of poison resistance
MPRegen  0.27/turn              (no ring)

@: no status effects
A: no striking features
a: Renounce Religion


You were on level 8 of the Dungeon.
You worshipped Vehumet.
Vehumet was aware of your devotion.
You were very hungry.

You visited 2 branches of the dungeon, and saw 9 of its levels.

You collected 484 gold pieces.

Inventory:

Hand Weapons
 d - a +0 dagger
 u - a +2 short sword of speed
Armour
 a - a +0 robe (worn)
Magical Staves
 x - an uncursed staff of power (weapon)
Jewellery
 q - a ring of poison resistance (left hand)
Wands
 t - a wand of paralysis (3)
Scrolls
 f - a scroll of enchant weapon
 h - a scroll of blinking
 j - a scroll of amnesia
 m - 4 scrolls of enchant armour
 n - 6 scrolls of teleportation
 o - 8 scrolls of remove curse
 r - a scroll of random uselessness
 s - a scroll of immolation
 w - 2 scrolls of magic mapping
 z - a scroll of fear
 A - a scroll of fog
Potions
 g - 5 potions of curing
 i - 2 potions of lignification
 k - a potion of berserk rage
 l - 2 potions of agility
 p - 2 potions of magic
 v - a potion of mutation
Books
 b - a book of Conjurations

   Spells                             Type                      Level
   a - Magic Dart                     Conjuration                  1
   b - Searing Ray                    Conjuration                  2
   c - Dazzling Spray                 Conjuration/Hexes            3
   d - Fulminant Prism                Conjuration/Hexes            4
   e - Force Lance                    Conjuration/Translocation    4
   f - Iskenderun's Mystic Blast      Conjuration                  4
 y - a book of Cantrips

   Spells                             Type                      Level
   a - Confusing Touch                Hexes                        1
   b - Animate Skeleton               Necromancy                   1
   c - Summon Small Mammal            Summoning                    1
   d - Apportation                    Translocation                1
 B - a book of Flames

   Spells                             Type                      Level
   a - Flame Tongue                   Conjuration/Fire             1
   b - Throw Flame                    Conjuration/Fire             2
   c - Conjure Flame                  Conjuration/Fire             3
   d - Inner Flame                    Hexes/Fire                   3
   e - Sticky Flame                   Conjuration/Fire             4
   f - Fireball                       Conjuration/Fire             5
Comestibles
 c - 8 rations


   Skills:
 - Level 2.4 Dodging
 - Level 2.4 Stealth
 * Level 11.1 Spellcasting
 * Level 10.1 Conjurations
 + Level 6.4 Hexes
 * Level 3.6 Fire Magic


You had 7 spell levels left.
You knew the following spells:

 Your Spells              Type           Power        Failure   Level  Hunger
a - Magic Dart            Conj           ####         1%          1    None
b - Searing Ray           Conj           ######       1%          2    None
c - Iskenderun's Mystic   Conj           ######..     1%          4    None
d - Fulminant Prism       Conj/Hex       ######....   1%          4    None
f - Fireball              Conj/Fire      #####.....   8%          5    ####...
s - Sticky Flame          Conj/Fire      #####...     2%          4    None
x - Conjure Flame         Conj/Fire      #####...     1%          3    None


Dungeon Overview and Level Annotations

Branches:
Dungeon (8/15)             Temple (1/1) D:6
   Lair: D:8-11

Altars:
Cheibriados
Dithmenos
Elyvilon
Hepliaklqana
Kikubaaqudgha
Nemelex Xobeh
Qazlal
Ru
Trog
Vehumet
Xom
Yredelemnul
The Shining One

Annotations:
D:8 Erica


Message History

Casting: Fulminant Prism
Confirm with . or Enter, or press ? or * to list all spells.
Aiming: Sticky Flame
Press: ? - help, Shift-Dir - straight line, f - porcupine
Aim: a porcupine The sticky flame hits the porcupine.
The porcupine is moderately wounded.
The porcupine is covered in liquid flames!
The porcupine burns!
The orc wizard gestures at you while chanting.
The puff of flame hits your fulminant prism.
Your fulminant prism resists.
The porcupine bites you!
* * * LOW HITPOINT WARNING * * *
The orc warrior hits your fulminant prism with a halberd!!
Your fulminant prism detonates feebly.
The porcupine burns!
The orc wizard casts a spell.
The orc wizard flickers and vanishes!
The porcupine bites you!
You die...

..###....#####.
#..... ......#
.#..##.. .....
##. ..##.. .# #
.[..########
#.....(@...#
###...r....(o..
...........#o{.
...#...)[..# .
## ##..)[....
#..)......
..##.[).......
..
..#..........
..# ..........


You could see an orc warrior, a porcupine (burning) and an orc.

Vanquished Creatures
  A komodo dragon (D:8)
  The ghost of Rwicked the Digger, a novice GrEE (D:5)
  A hippogriff (D:7)
  A water moccasin (D:7)
  2 porcupines (D:8)
  An ice beast (D:6)
  A sky beast (D:6)
  2 black bears (D:8)
  2 orc warriors (D:7)
  A wolf (D:7)
  A centaur (D:7)
  3 crocodiles (D:8)
  A big kobold (D:7)
  A bullfrog (D:6)
  2 scorpions
  A howler monkey (D:7)
  A jelly (D:5)
  A crimson imp (D:5)
  A centaur skeleton (D:7)
  A gnoll shaman (D:6)
  3 orc priests (D:8)
  2 orc wizards (D:6)
  An iguana (D:8)
  11 worker ants
  7 gnolls
  A howler monkey skeleton (D:4)
  9 adders
  3 shadow imps
  An ooze (D:1)
  2 adder skeletons
  2 worms
  4 leopard geckos
  27 orcs
  2 giant cockroaches
  5 goblins
  6 hobgoblins
  9 jackals
  6 kobolds
  4 quokkas
  2 ball pythons
  5 bats
  2 frilled lizards
  A jackal skeleton (D:5)
  A leopard gecko skeleton (D:7)
  A quokka skeleton (D:7)
  8 rats
151 creatures vanquished.

Vanquished Creatures (others)
  20 fulminant prisms
20 creatures vanquished.

Grand Total: 171 creatures vanquished

Notes
Turn   | Place    | Note
-------+----------+-------------------------------------------
     0 | D:1      | lorenzova the Deep Elf Conjurer began the quest for the Orb.
     0 | D:1      | Reached XP level 1. HP: 10/10 MP: 6/6
   117 | D:1      | Reached XP level 2. HP: 15/15 MP: 0/8
   193 | D:1      | Learned a level 2 spell: Searing Ray
   631 | D:2      | Reached skill level 4 in Spellcasting
   818 | D:2      | Reached skill level 5 in Conjurations
   818 | D:2      | Reached XP level 3. HP: 19/19 MP: 6/10
  1759 | D:3      | Reached XP level 4. HP: 19/24 MP: 6/12
  1806 | D:3      | Learned a level 4 spell: Iskenderun's Mystic Blast
  1846 | D:3      | Found a shadowy altar of Dithmenos.
  2112 | D:3      | Found a shimmering altar of Xom.
  2113 | D:3      | Found a hazy altar of Hepliaklqana.
  2113 | D:3      | Noticed an insubstantial wisp
  2114 | D:3      | Noticed an insubstantial wisp
  2114 | D:3      | Noticed a spectral ugly thing
  2506 | D:4      | Reached skill level 5 in Spellcasting
  2768 | D:4      | Reached XP level 5. HP: 28/28 MP: 5/15
  3065 | D:4      | Reached skill level 6 in Spellcasting
  3460 | D:5      | Entered Level 5 of the Dungeon
  3462 | D:5      | Reached XP level 6. HP: 32/32 MP: 15/17
  3481 | D:5      | Learned a level 4 spell: Fulminant Prism
  3655 | D:5      | Noticed Rwicked's ghost (novice GrEE)
  3790 | D:5      | Reached skill level 1 in Hexes
  4330 | D:5      | Reached skill level 7 in Spellcasting
  4656 | D:5      | Killed Rwicked's ghost
  4656 | D:5      | Reached XP level 7. HP: 36/36 MP: 0/20
  5100 | D:6      | Reached skill level 8 in Spellcasting
  5657 | D:6      | Reached XP level 8. HP: 41/41 MP: 13/22
  5884 | D:6      | Found a staircase to the Ecumenical Temple.
  5892 | Temple   | Entered the Ecumenical Temple
  5956 | Temple   | Became a worshipper of Vehumet
  6414 | D:6      | Reached skill level 9 in Spellcasting
  6633 | D:7      | Found a sacrificial altar of Ru.
  6853 | D:7      | Noticed a hippogriff
  6856 | D:7      | Killed a hippogriff
  6933 | D:7      | Reached skill level 5 in Hexes
  7080 | D:7      | Reached skill level 10 in Spellcasting
  7867 | D:7      | Learned a level 3 spell: Conjure Flame
  7872 | D:7      | Learned a level 4 spell: Sticky Flame
  7878 | D:7      | Learned a level 5 spell: Fireball
  7908 | D:8      | Reached * piety under Vehumet
  7908 | D:8      | Offered knowledge of Sandblast by Vehumet.
  7913 | D:8      | Reached XP level 9. HP: 36/45 MP: 25/25
  8026 | D:8      | Found a bloodstained altar of Trog.
  8058 | D:8      | Noticed a komodo dragon
  8061 | D:8      | Reached skill level 1 in Fire Magic
  8071 | D:8      | Killed a komodo dragon
  8265 | D:8      | Reached skill level 10 in Conjurations
  8270 | D:8      | Reached skill level 11 in Spellcasting
  8478 | D:8      | Noticed Erica
  8779 | D:8      | Slain by a porcupine

Skill      XL: |  1  2  3  4  5  6  7  8  9 |
---------------+----------------------------+-----
Spellcasting   | 4 5 6 7 8 10 11 | 11.1
Conjurations   | 5 6 7 8 9 10 | 10.1
Hexes          | 2 3 5 6 |  6.4
Fire Magic     | 3 |  3.6
Dodging        | |  2.4
Stealth        | |  2.4

Action                   |  1- 3 |  4- 6 |  7- 9 || total
-------------------------+-------+-------+-------++-------
Melee: Dagger            |       |     1 |       ||     1
       Staff             |       |       |     1 ||     1
 Cast: Magic Dart        |    68 |   102 |    92 ||   262
       Iskenderun's Myst |       |     9 |    42 ||    51
       Searing Ray       |       |     2 |     2 ||     4
       Fulminant Prism   |       |       |    20 ||    20
       Sticky Flame      |       |       |     5 ||     5
  Use: Scroll            |       |       |    17 ||    17
 Stab: Sleeping          |       |     1 |       ||     1
  Eat: Chunk             |     2 |     9 |     7 ||    18
       Ration            |       |       |     2 ||     2
Armor: Robe              |       |     8 |     3 ||    11
Dodge: Dodged            |     6 |    32 |    39 ||    77
